 Dungeon Crawl Stone Soup version 0.22.0-38-g04b72b8 (webtiles) character file.

11434 Liatris the Cleaver (level 11, -2/87 HPs)
             Began as a Demonspawn Gladiator on Aug 30, 2018.
             Was an Elder of Okawaru.
             Slain by an ice devil (20 damage)
             ... on level 3 of the Lair of Beasts.
             The game lasted 00:44:25 (9220 turns).

Liatris the Cleaver (Demonspawn Gladiator)          Turns: 9220, Time: 00:44:26

Health: -2/87      AC: 22    Str: 19    XL:     11   Next: 49%
Magic:  11/11      EV:  8    Int:  9    God:    Okawaru [****..]
Gold:   410        SH:  4    Dex: 18    Spells: 10/10 levels left

rFire    . . .     SeeInvis .   t - +1 war axe (chop)
rCold    . . .     Gourm    .   (no shield)
rNeg     + . .     Faith    .   g - +0 plate armour
rPois    +         Spirit   .   k - +2 helmet
rElec    .         Reflect  +   c - +2 cloak
rCorr    .         Harm     .   p - +1 pair of gloves
MR       .....                  (boots unavailable)
Stlth    ..........             l - +4 amulet of reflection
HPRegen  0.64/turn              x - ring of positive energy
MPRegen  0.12/turn              y - ring of stealth

@: no status effects
A: hooves 3, thin skeletal structure 2, poison resistance, powered by death 1,
regeneration 1, rot immunity
a: Heroism, Renounce Religion


You were on level 3 of the Lair of Beasts.
You worshipped Okawaru.
Okawaru was greatly pleased with you.
You were not hungry.

You visited 3 branches of the dungeon, and saw 12 of its levels.

You collected 410 gold pieces.

Inventory:

Hand Weapons
 a - a +1 war axe
 t - a +1 war axe of chopping (weapon)
Missiles
 d - 3 throwing nets (quivered)
Armour
 c - a +2 cloak (worn)
 g - a +0 plate armour (worn)
 k - a +2 helmet (worn)
 p - a +1 pair of gloves (worn)
Jewellery
 l - a +4 amulet of reflection (around neck)
 q - an uncursed ring of magical power
 x - a ring of positive energy (left hand)
 y - a ring of stealth (right hand)
 A - an uncursed ring of protection from magic
Wands
 m - a wand of flame (30)
 r - a wand of disintegration (13)
 w - a wand of acid (7)
Scrolls
 b - 4 scrolls of remove curse
 e - 2 scrolls of enchant weapon
 h - 6 scrolls of identify
 n - 4 scrolls of amnesia
 u - 4 scrolls of magic mapping
 B - a scroll of silence {unknown}
Potions
 i - a potion of curing
 j - 3 potions of flight
 o - 2 potions of cancellation
 v - 3 potions of brilliance
 z - a potion of mutation
Comestibles
 f - 9 rations


   Skills:
 + Level 8.4 Fighting
 + Level 12.6 Axes
 + Level 2.0 Throwing
 + Level 7.8 Armour
 + Level 3.4 Dodging
 + Level 0.1 Stealth
 + Level 1.0 Evocations


You had 10 spell levels left.
You didn't know any spells.
Your spell library contained the following spells:

 Spells                   Type           Power        Failure   Level  Hunger
 Animate Skeleton         Necr           N/A          100%        1    ##.....
 Apportation              Tloc           #.....       100%        1    ##.....
 Confusing Touch          Hex            #.....       100%        1    ##.....
 Sting                    Conj/Pois      #...         100%        1    ##.....
 Summon Small Mammal      Summ           #...         100%        1    ##.....
 Poisonous Vapours        Pois/Air       #.....       100%        2    ###....
 Mephitic Cloud           Conj/Pois/Air  #.......     100%        3    ####...
 Olgreb's Toxic Radiance  Pois           #.......     100%        4    #####..
 Venom Bolt               Conj/Pois      #.........   100%        5    ######.


Dungeon Overview and Level Annotations

Branches:
Dungeon (8/15)             Temple (1/1) D:7            Lair (3/6) D:8
  Snake (0/4) Lair:3
  Swamp: Lair:2-4    Shoals: Lair:2-4

Altars:
Ashenzari
Cheibriados
Dithmenos
Elyvilon
Fedhas
Gozag
Hepliaklqana
Kikubaaqudgha
Makhleb
Nemelex Xobeh
Okawaru
Qazlal
Ru
Sif Muna
Trog
Uskayaw
Vehumet
Wu Jian
Xom
Yredelemnul
Zin
The Shining One
Beogh

Shops:
D:5 %

Portals:
Ice
Cave: Lair:3

Annotations:
D:5 3 runed doors, bmj180's ghost, amateur MiFi


Innate Abilities, Weirdness & Mutations

You have hooves in place of feet.
You have a moderately thin skeletal structure. (Dex +4, Stealth+)
You regenerate a little health from kills.
You are immune to rotting.
Your system is resistant to poisons. (rPois)
Your natural rate of healing is unusually fast.


Message History

Evoke which item? (* to show all) (? for menu, Esc to quit)
Aiming: Throw Flame
Press: ? - help, Shift-Dir - straight line, f/p - ice devil
Aim: an ice devil (heavily wounded)
The puff of flame hits the ice devil.
The ice devil appears unharmed.
The ice devil is heavily wounded.
The ice devil hits you. The ice devil freezes you!!
* * * LOW HITPOINT WARNING * * *
You barely miss the ice devil. Your kick misses the ice devil.
The ice devil is heavily wounded.
The ice devil hits you but does no damage.
You hit the ice devil but do no damage. Your kick misses the ice devil.
The ice devil is heavily wounded.
The ice devil hits you but does no damage.
You hit the ice devil.
The ice devil is severely wounded.
The ice devil hits you.
* * * LOW HITPOINT WARNING * * *
The ice devil freezes you!!
You die...

.......## #..####
##.+.#.#####
#.P##+.####### ####
##..##..# #......# .#.##
∩(.# #.......### #.##(#.#
#...# ...####.#.#....#
.'.##.####.>.# ...
#.........##
......##.....# ..
#........[.#
.............# .#
#.........##
.....+.###...# ##4##
#..........#
<....##.##...# #@..#
#.........## ...!.#
###...###'#+###......|...#
.....#
#...........#..#.P..####
#.#+##
#..........##...##### ###
####...#######...######
#...# #........## ##P.P#
##.##.##+P# ......
###......# ♣♣♣♣....
#.......#


You could see an ice devil.

Vanquished Creatures
  Gastronok (Lair:1)
  A black mamba (Lair:2)
  2 spiny frogs
  A queen bee (D:8)
  5 blink frogs (Lair:2)
  A hippogriff (Lair:1)
  A basilisk (Lair:1)
  6 yaks
  Eustachio (D:5)
  A hungry ghost (D:7)
  7 nagas (Lair:3)
  A water moccasin (Lair:1)
  Duvessa (D:7)
  8 porcupines
  2 orc warriors
  2 ice beasts (D:6)
  3 phantoms
  A sky beast (D:8)
  A black bear (D:8)
  A necrophage (D:7)
  3 ogres
  2 centaurs (D:7)
  4 crocodiles
  A big kobold (D:6)
  8 bullfrogs
  A wyvern zombie (D:8)
  Dowan (D:7)
  A scorpion (D:7)
  19 killer bees
  7 howler monkeys
  2 crimson imps
  A bullfrog zombie (D:6)
  A centaur zombie (D:5)
  A gnoll shaman (D:4)
  5 hounds
  A centaur skeleton (D:7)
  An orc priest (D:6)
  An orc wizard (D:6)
  3 iguanas
  Terence (D:3)
  Natasha (D:3)
  7 worker ants
  A worker ant zombie (D:6)
  Robin (D:2)
  14 adders
  12 gnolls
  A shadow imp (D:8)
  2 adder skeletons (D:8)
  An adder zombie (D:5)
  3 worms
  4 dart slugs
  6 leopard geckos
  12 orcs
  A ball python (D:1)
  4 giant cockroaches
  14 goblins
  9 hobgoblins
  13 jackals
  6 quokkas
  5 bats
  4 frilled lizards
  14 kobolds
  2 leopard gecko zombies
  4 rats
252 creatures vanquished.

Vanquished Creatures (others)
  4 fungi
4 creatures vanquished.

Grand Total: 256 creatures vanquished

Notes
Turn   | Place    | Note
-------+----------+-------------------------------------------
     0 | D:1      | Liatris the Demonspawn Gladiator began the quest for the Orb.
     0 | D:1      | Reached XP level 1. HP: 16/16 MP: 1/1
   397 | D:1      | Gained mutation: You are immune to rotting. [demonic ancestry]
   397 | D:1      | Reached XP level 2. HP: 22/22 MP: 2/2
   575 | D:1      | Reached skill level 3 in Axes
   632 | D:1      | Reached XP level 3. HP: 16/27 MP: 3/3
  1265 | D:2      | Reached skill level 1 in Armour
  1265 | D:2      | Gained mutation: You regenerate a little health from kills. [demonic ancestry]
  1265 | D:2      | Reached XP level 4. HP: 11/34 MP: 4/4
  1756 | D:2      | Noticed Robin
  1766 | D:2      | Killed Robin
  2030 | D:3      | Reached skill level 4 in Axes
  2030 | D:3      | Gained mutation: You have large cloven feet. [demonic ancestry]
  2030 | D:3      | Reached XP level 5. HP: 36/39 MP: 5/5
  2300 | D:3      | Found a glowing golden altar of the Shining One.
  2505 | D:3      | Noticed Terence
  2531 | D:3      | Killed Terence
  2548 | D:3      | Noticed Natasha
  2555 | D:3      | Killed Natasha
  2555 | D:3      | Gained mutation: You have hoof-like feet. [demonic ancestry]
  2555 | D:3      | Reached XP level 6. HP: 45/47 MP: 6/6
  2733 | D:4      | Found an ancient bone altar of Kikubaaqudgha.
  2742 | D:4      | Reached skill level 5 in Axes
  2990 | D:4      | Gained mutation: You have a somewhat thin skeletal structure. (Dex +2, Stealth) [demonic ancestry]
  2990 | D:4      | Reached XP level 7. HP: 48/53 MP: 7/7
  3294 | D:4      | Found a sacrificial altar of Ru.
  3385 | D:5      | Entered Level 5 of the Dungeon
  3412 | D:5      | Reached skill level 6 in Axes
  3565 | D:5      | Found a snail-covered altar of Cheibriados.
  3853 | D:5      | Found a runed gate.
  3853 | D:5      | Noticed bmj180's ghost (amateur MiFi)
  3870 | D:5      | Found Caibrash's Food Emporium.
  3922 | D:5      | Noticed Eustachio
  4066 | D:6      | Reached skill level 7 in Axes
  4066 | D:6      | Reached XP level 8. HP: 53/61 MP: 8/8
  4221 | D:6      | Found a shimmering altar of Xom.
  4397 | D:6      | Reached skill level 5 in Fighting
  4590 | D:6      | Reached skill level 8 in Axes
  5145 | D:5      | Found a runed gate.
  5146 | D:5      | Found a runed gate.
  5148 | D:5      | Found a roughly hewn altar of Beogh.
  5391 | D:5      | Killed Eustachio
  5733 | D:7      | Gained mutation: You have a moderately thin skeletal structure. (Dex +4, Stealth+) [demonic ancestry]
  5733 | D:7      | Reached XP level 9. HP: 68/68 MP: 9/9
  5752 | D:7      | Reached skill level 9 in Axes
  5902 | D:7      | Noticed Duvessa
  5919 | D:7      | Killed Duvessa
  5924 | D:7      | Noticed Dowan
  5931 | D:7      | Killed Dowan
  6056 | D:7      | Found a staircase to the Ecumenical Temple.
  6066 | Temple   | Entered the Ecumenical Temple
  6262 | Temple   | Became a worshipper of Warmaster Okawaru
  6426 | D:8      | Reached skill level 10 in Axes
  6449 | D:8      | Reached skill level 5 in Armour
  6452 | D:8      | Noticed a queen bee
  6457 | D:8      | Reached * piety under Okawaru
  6463 | D:8      | Killed a queen bee
  6778 | D:8      | Reached XP level 10. HP: 75/77 MP: 10/10
  6843 | D:8      | Reached ** piety under Okawaru
  7351 | D:8      | Found a staircase to the Lair.
  7508 | Lair:1   | Entered Level 1 of the Lair of Beasts
  7527 | Lair:1   | Reached skill level 11 in Axes
  7723 | Lair:1   | Noticed a spiny frog
  7729 | Lair:1   | Killed a spiny frog
  7756 | Lair:1   | Reached *** piety under Okawaru
  7908 | Lair:1   | Noticed Gastronok
  7942 | Lair:1   | Killed Gastronok
  7942 | Lair:1   | Reached skill level 12 in Axes
  7948 | Lair:1   | Gained mutation: You have hooves in place of feet. [demonic ancestry]
  7948 | Lair:1   | Reached XP level 11. HP: 35/84 MP: 11/11
  8409 | Lair:2   | Received a gift from Okawaru
  8709 | Lair:2   | Noticed a five-headed hydra
  8769 | Lair:2   | Reached **** piety under Okawaru
  8787 | Lair:2   | Gained mutation: Your natural rate of healing is unusually fast. [potion of mutation]
  8787 | Lair:2   | Gained mutation: Your system is resistant to poisons. (rPois) [potion of mutation]
  9119 | Lair:3   | Reached skill level 1 in Evocations
  9136 | Lair:3   | Found a staircase to the Snake Pit.
  9203 | Lair:3   | Found a frozen archway.
  9220 | Lair:3   | Slain by an ice devil

Skill      XL: |  1  2  3  4  5  6  7  8  9 10 11 |
---------------+----------------------------------+-----
Dodging        | 3 |  3.4
Axes           | 3 4 5 7 8 10 12 | 12.6
Throwing       | 2 |  2.0
Armour         | 1 2 3 4 5 6 7 |  7.8
Fighting       | 3 4 5 6 7 8 |  8.4
Evocations     | 1 |  1.0
Stealth        | |  0.1

Action                   |  1- 3 |  4- 6 |  7- 9 | 10-12 || total
-------------------------+-------+-------+-------+-------++-------
Melee: War axe           |    84 |   192 |   335 |   246 ||   857
       Kick              |       |    35 |   108 |    84 ||   227
Evoke: Wand              |       |       |     6 |     6 ||    12
  Use: Potion            |     1 |     4 |     8 |     6 ||    19
       Scroll            |       |     7 |     7 |     3 ||    17
  Eat: Ration            |     1 |     1 |     5 |     2 ||     9
Armor: Leather armour    |    12 |       |       |       ||    12
       Ring mail         |     9 |    28 |       |       ||    37
       Plate armour      |       |   130 |   251 |   156 ||   537
Dodge: Dodged            |    54 |   117 |    88 |    72 ||   331
Block: Other             |       |       |    48 |    34 ||    82
       Reflection        |       |       |     2 |       ||     2
